 Dungeon Crawl Stone Soup version 0.25.1-2-g60ff931df9 (webtiles) character file.

Game seed: 4657633041194332382

1115 Delamore the Basher (level 8, -7/49 HPs)
             Began as a Gargoyle Fighter on Sept 28, 2020.
             Was a Follower of Okawaru.
             Mangled by an orc warrior
             ... wielding a +0 battleaxe
              (23 damage)
             ... on level 6 of the Dungeon.
             The game lasted 00:05:03 (6756 turns).

Delamore the Basher (Gargoyle Fighter)              Turns: 6756, Time: 00:05:04

Health: -7/49      AC: 15    Str: 29    XL:     8   Next: 34%
Magic:  8/8        EV:  6    Int:  8    God:    Okawaru [*.....]
Gold:   321        SH: 10    Dex:  9    Spells: 7/7 levels left

rFire    . . .     SeeInvis .   a - +0 flail
rCold    . . .     Gourm    .   c - +0 kite shield
rNeg     + . .     Faith    .   h - +0 chain mail (curse)
rPois    ∞         Spirit   .   (no helmet)
rElec    +         Reflect  .   (no cloak)
rCorr    .         Harm     .   F - +0 pair of gloves
MR       .....                  (no boots)
Stlth    ..........             (no amulet)
HPRegen  0.16/turn              p - +6 ring of strength
MPRegen  0.11/turn              w - ring of flight

@: no status effects
A: negative energy resistance 1, electricity resistance, unbreathing,
petrification resistance, rot immunity, AC +5
a: Heroism, Renounce Religion, Evoke Flight


You were on level 6 of the Dungeon.
You worshipped Okawaru.
Okawaru was aware of your devotion.
You were hungry.

You visited 1 branch of the dungeon, and saw 6 of its levels.
You also visited: Sewer.

You collected 321 gold pieces.

Inventory:

Hand Weapons
 a - a +0 flail (weapon)
 D - a +0 morningstar
Missiles
 s - 6 curare-tipped darts (quivered)
 E - 3 javelins
Armour
 b - a +0 scale mail
 c - a +0 kite shield (worn)
 h - a cursed +0 chain mail (worn)
 F - a +0 pair of gloves (worn)
Jewellery
 p - a +6 ring of strength (left hand)
 w - a ring of flight (right hand)
 C - an uncursed ring of fire {unknown}
 G - an uncursed amulet of faith {unknown}
Wands
 k - a wand of random effects (8)
Scrolls
 e - a scroll of immolation {unknown}
 i - 5 scrolls of remove curse
 j - 6 scrolls of teleportation
 o - a scroll of enchant armour
 q - a scroll of random uselessness
 t - 2 scrolls of fog {unknown}
 u - a scroll of blinking {unknown}
 v - 2 scrolls of amnesia {unknown}
 y - 2 scrolls of magic mapping {unknown}
 z - a scroll of identify
 B - a scroll of enchant weapon {unknown}
Potions
 d - 5 potions of might
 g - 12 potions of curing
 l - 3 potions of flight {unknown}
 m - 2 potions of invisibility {unknown}
 n - 2 potions of cancellation {unknown}
 r - a potion of degeneration {unknown}
 x - a potion of brilliance {unknown}
 A - a potion of heal wounds {unknown}
Comestibles
 f - 10 rations
 H - a chunk of flesh


   Skills:
 - Level 5.0 Fighting
 + Level 8.5 Maces & Flails
 - Level 3.2 Armour
 - Level 5.0 Shields


You had 7 spell levels left.
You didn't know any spells.
Your spell library was empty.

Dungeon Overview and Level Annotations

Branches:
Dungeon (6/15)              Sewer (visited)
 Temple: D:4-7

Altars:
Ashenzari
Cheibriados
Gozag
Kikubaaqudgha
Nemelex Xobeh
Okawaru
Sif Muna
Vehumet
The Shining One

Shops:
D:5 :

Annotations:
D:3 1 runed translucent door, MissAmeliaDuncan's ghost, amateur VSAs


Innate Abilities, Weirdness & Mutations

You are resistant to torment.
Your stone body is resilient. (AC +5)
You are immune to poison.
You resist negative energy. (rN+)
You are resistant to electric shocks. (rElec)
You can survive without breathing.
You are immune to petrification.
You are immune to rotting.


Message History

The orc warrior is heavily wounded.
The orc warrior hits you with a +0 battleaxe.
You hit the orc warrior but do no damage.
The orc warrior is heavily wounded.
You block the orc warrior's attack.
You hit the orc warrior but do no damage.
The orc warrior is heavily wounded.
The orc warrior hits you but does no damage.
You closely miss the orc warrior.
The orc warrior is heavily wounded.
You block the orc warrior's attack.
You hit the orc warrior.
The orc warrior is severely wounded.
You closely miss the orc warrior.
The orc warrior is severely wounded.
The orc warrior hits you with a +0 battleaxe.
You closely miss the orc warrior.
The orc warrior is severely wounded.
The orc warrior hits you with a +0 battleaxe!!
You die...

#
#.####
#.o@(#
####)#
#<#
#.#
#.#
#.#
#..
###


You could see an orc warrior.

Vanquished Creatures
  An orc warrior (D:6)
  2 ogres
  2 centaurs (D:6)
  A howler monkey (D:5)
  A bullfrog skeleton (D:4)
  A hound (D:5)
  An orc priest (D:6)
  2 orc wizards
  A centaur skeleton (D:2)
  An iguana (D:4)
  2 worker ants
  A hound skeleton (D:4)
  8 river rats
  17 adders
  4 gnolls
  3 oozes
  An adder skeleton (D:4)
  3 worms
  A dart slug (D:2)
  3 leopard geckos
  6 orcs
  4 ball pythons
  8 bats
  6 giant cockroaches
  4 goblins
  3 hobgoblins
  3 jackals (D:2)
  25 kobolds
  3 quokkas
  3 frilled lizards
  25 rats
146 creatures vanquished.

Notes
Turn   | Place    | Note
-------+----------+-------------------------------------------
     0 | D:1      | Delamore the Gargoyle Fighter began the quest for the Orb.
     0 | D:1      | Reached XP level 1. HP: 14/14 MP: 1/1
    48 | D:1      | Reached XP level 2. HP: 11/19 MP: 2/2
  1172 | D:2      | Reached XP level 3. HP: 23/24 MP: 3/3
  1886 | D:2      | Reached skill level 3 in Maces & Flails
  1886 | D:2      | Reached XP level 4. HP: 28/29 MP: 4/4
  1996 | D:2      | Found a shimmering blue altar of Sif Muna.
  2331 | D:3      | Reached XP level 5. HP: 28/34 MP: 5/5
  2556 | D:3      | Found a radiant altar of Vehumet.
  2597 | D:3      | Found a runed translucent door.
  2599 | D:3      | Noticed MissAmeliaDuncan's ghost (amateur VSAs)
  3471 | D:4      | Found a glowing drain.
  3601 | Sewer    | Entered a sewer
  3746 | Sewer    | Reached XP level 6. HP: 16/40 MP: 6/6
  4000 | Sewer    | Reached skill level 5 in Shields
  4001 | Sewer    | Reached skill level 5 in Fighting
  4096 | Sewer    | Reached skill level 4 in Maces & Flails
  4810 | D:4      | Found a shattered altar of Ashenzari.
  4878 | D:4      | Reached skill level 5 in Maces & Flails
  4878 | D:4      | Reached XP level 7. HP: 13/44 MP: 7/7
  5560 | D:5      | Entered Level 5 of the Dungeon
  5572 | D:5      | Found a glowing golden altar of the Shining One.
  5638 | D:5      | Reached skill level 6 in Maces & Flails
  5842 | D:5      | Found Caatir's Book Shop.
  5851 | D:5      | Found an opulent altar of Gozag.
  6035 | D:5      | Found a snail-covered altar of Cheibriados.
  6036 | D:5      | Found a sparkling altar of Nemelex Xobeh.
  6037 | D:5      | Found an ancient bone altar of Kikubaaqudgha.
  6041 | D:5      | Found an iron altar of Okawaru.
  6097 | D:5      | Became a worshipper of Warmaster Okawaru
  6172 | D:5      | Reached skill level 7 in Maces & Flails
  6725 | D:6      | Reached * piety under Okawaru
  6725 | D:6      | Reached XP level 8. HP: 46/49 MP: 8/8
  6736 | D:6      | Reached skill level 8 in Maces & Flails
  6756 | D:6      | Mangled by an orc warrior

Illustrated notes

Levels and vault maps discovered:
D:1:      elethiomel_arrival_shortcut, layout_basic, minmay_small_reverse_x
D:2:      layout_basic, led_sif_pool
D:3:      layout_basic, fiery_altar_vehumet, first_ration,
          gammafunk_ghost_grave, minmay_increasing_density
D:4:      layout_basic, nicolae_overflow_hidden_temple, portal_sewer_entry_a,
          minmay_bisected
D:5:      lemuel_ice_spiral_2, layout_basic, lemuel_round_altar, minitemple,
          grunt_gozag_statues, serial_shops, shop
D:6:      layout_loops_ring, uniq_eustachio

Skill      XL: |  1  2  3  4  5  6  7  8 |
---------------+-------------------------+-----
Fighting       | 4 5 |  5.0
Shields        | 4 5 |  5.0
Maces & Flails | 3 5 7 8 |  8.5
Armour         | |  3.2

Action                   |  1- 3 |  4- 6 |  7- 9 || total
-------------------------+-------+-------+-------++-------
Melee: Flail             |   160 |   312 |   152 ||   624
Throw: Dart              |       |     3 |     2 ||     5
  Use: Scroll            |       |     4 |       ||     4
       Potion            |       |     1 |       ||     1
  Eat: Chunk             |     3 |    10 |     6 ||    19
Armor: Scale mail        |   150 |    67 |       ||   217
       Chain mail        |       |   118 |    97 ||   215
Dodge: Dodged            |    85 |   111 |    49 ||   245
Block: Kite shield       |   118 |   229 |   104 ||   451
